 Dungeon Crawl Stone Soup version 0.15.2 (webtiles) character file.

632 bullock the Sneak (level 7, -1/41 HPs)
             Began as an Octopode Wizard on Nov 30, 2014.
             Slain by a hippogriff (3 damage)
             ... on Level 5 of the Dungeon.
             The game lasted 00:15:18 (6168 turns).

bullock the Sneak (Octopode Wizard)                 Turns: 6168, Time: 00:15:18

HP  -1/41        AC  2     Str  7      XL: 7   Next: 49%
MP   1/17        EV 12     Int 22      God:
Gold 140         SH  0     Dex 10      Spells:  5 memorised,  3 levels left

rFire  . . .     SeeInvis .     i - +0 short sword (speed)
rCold  . . .     Clarity  .     (no shield)
rNeg   . . .     rCorr    .     b - +1 hat
rPois  .         rRot     .     (no amulet)
rElec  .         Spirit   .     (no ring)
SustAb .         Warding  .     (no ring)
rMut   .         Stasis   .     (no ring)
Gourm  .                        (no ring)
MR     .....                    (no ring)
                                (no ring)
                                (no ring)
                                (no ring)

@: repel missiles, not resistant to hostile enchantments, stealthy
A: almost no armour, amphibious, 8 rings, constrict 8, camouflage 1, gelatinous
body 1
a: no special abilities


You were on level 5 of the Dungeon.
You were very hungry.

You visited 1 branch of the dungeon, and saw 5 of its levels.

You collected 140 gold pieces.

Inventory:

Hand weapons
 i - a +0 short sword of speed (weapon)
Armour
 b - a +1 hat (worn)
Magical devices
 s - a wand of enslavement (5)
Comestibles
 d - 4 bread rations
 g - 3 meat rations
Scrolls
 e - 3 scrolls of teleportation {unknown}
 f - a scroll of enchant weapon {unknown}
 h - 3 scrolls of fog {unknown}
 k - 2 scrolls of random uselessness {unknown}
 l - a scroll of enchant armour
 q - a scroll of blinking {unknown}
 r - a scroll of identify {unknown}
Jewellery
 n - an uncursed ring of protection from fire {unknown}
Potions
 a - a potion of haste {unknown}
 j - 2 potions of curing {unknown}
 m - 2 potions of agility {unknown}
 o - a potion of restore abilities {unknown}
 p - 2 potions of invisibility {unknown}
 t - a potion of poison {unknown}
 v - a potion of might {unknown}
Books
 c - a book of Minor Magic

   Spells                             Type                      Level
   *Magic Dart                        Conjuration                  1
   *Blink                             Translocation                2
   Call Imp                           Summoning                    2
   *Repel Missiles                    Charms/Air                   2
   Slow                               Hexes                        2
   *Conjure Flame                     Conjuration/Fire             3
   *Mephitic Cloud                    Conjuration/Poison/Air       3


   Skills:
 - Level 2.0 Dodging
 + Level 5.7 Stealth
 + Level 4.4 Spellcasting
 + Level 5.4 Conjurations
   Level 1.0 Summonings
 * Level 2.6 Translocations


You had 3 spell levels left.
You knew the following spells:

 Your Spells              Type           Power        Failure   Level  Hunger
a - Magic Dart            Conj           ####         1%          1    None
f - Conjure Flame         Conj/Fire      ###.....     12%         3    ###....
q - Blink                 Tloc           N/A          8%          2    None
r - Mephitic Cloud        Conj/Pois/Air  ##......     17%         3    ###....
v - Repel Missiles        Chrm/Air       #.....       17%         2    None


Dungeon Overview and Level Annotations

Branches:
Dungeon (5/15)
 Temple: D:4-7

Altars:
Makhleb
The Shining One

Annotations:
D:4 Blork the orc


Innate Abilities, Weirdness & Mutations

You cannot wear most types of armour.
You are amphibious.
You can wear up to eight rings at the same time.
You can use your tentacles to constrict many enemies at once.
Your skin changes colour to match your surroundings (Stealth).
Your rubbery body absorbs attacks (AC +1).


Message History

The hippogriff is severely wounded.
The hippogriff closely misses you. The hippogriff pecks you.
The hippogriff barely misses you.
You hit the hippogriff but do no damage.
You squeeze the hippogriff.
The hippogriff is severely wounded.
The hippogriff bites you.
* * * LOW HITPOINT WARNING * * *
The hippogriff completely misses you. The hippogriff claws you.
* * * LOW HITPOINT WARNING * * *
Evoke which item? (* to show all) (? for menu, Esc to quit)
Zapping:
s - a short brass wand
Press: ? - help, Shift-Dir - straight line, f/p - hippogriff
Aim: a hippogriff (severely wounded)
The hippogriff resists.
s - a wand of enslavement {zapped: 1} The hippogriff bites you.
* * * LOW HITPOINT WARNING * * *
The hippogriff misses you. The hippogriff claws you.
You die...

##.# ##.......
##...#####.......
##.....#.........#
##................#
####....o....#####.###
##............## .#
..........)...# ..
#...H.......# ..
#.@..[)...##
#........## #......###
#...#### #####


You could see a hippogriff and an orc (confused).

Vanquished Creatures
  A phantom (D:4)
  An ogre (D:4)
  A crimson imp (D:4)
  2 orc priests (D:4)
  4 orc wizards (D:4)
  An iguana (D:4)
  A worker ant (D:4)
  Terence (D:3)
  6 adders
  2 giant mites
  3 worms
  An ooze (D:2)
  10 orcs
  2 ball pythons (D:3)
  15 bats
  3 giant cockroaches
  11 hobgoblins
  8 jackals
  19 kobolds
  A quokka (D:4)
  4 giant geckos
  7 giant newts
  A giant newt skeleton (D:4)
  10 goblins
  10 rats
125 creatures vanquished.

Notes
Turn   | Place    | Note
--------------------------------------------------------------
     0 | D:1      | bullock, the Octopode Wizard, began the quest for the Orb.
     0 | D:1      | Reached XP level 1. HP: 11/11 MP: 4/4
   275 | D:1      | Reached XP level 2. HP: 13/17 MP: 1/6
   444 | D:1      | Learned a level 2 spell: Blink
   447 | D:1      | Learned a level 2 spell: Repel Missiles
   824 | D:1      | Reached XP level 3. HP: 17/21 MP: 5/8
  1701 | D:2      | Reached XP level 4. HP: 27/27 MP: 6/9
  2412 | D:3      | Learned a level 3 spell: Conjure Flame
  2703 | D:3      | Noticed Terence
  2733 | D:3      | Killed Terence
  2733 | D:3      | Reached XP level 5. HP: 20/31 MP: 0/11
  3657 | D:4      | Reached skill level 4 in Stealth
  3714 | D:4      | Learned a level 3 spell: Mephitic Cloud
  3743 | D:4      | Found a glowing golden altar of the Shining One.
  4154 | D:4      | Noticed a phantom
  4209 | D:4      | Killed a phantom
  4209 | D:4      | Reached skill level 5 in Stealth
  4209 | D:4      | Reached XP level 6. HP: 25/36 MP: 0/14
  4548 | D:4      | Reached skill level 5 in Conjurations
  4562 | D:5      | Entered Level 5 of the Dungeon
  4957 | D:4      | Found a burning altar of Makhleb.
  5225 | D:4      | Noticed Blork the orc
  5370 | D:4      | Reached XP level 7. HP: 41/41 MP: 7/17
  6142 | D:5      | Noticed a hippogriff
  6168 | D:5      | HP: 2/41 [hippogriff (6)]
  6168 | D:5      | Slain by a hippogriff

Action                   |  1- 3 |  4- 6 |  7- 9 || total
-------------------------+-------+-------+-------++-------
Melee: Unarmed           |    11 |       |       ||    11
       Whip              |    24 |       |       ||    24
       Short sword       |    18 |    23 |    23 ||    64
 Cast: Magic Dart        |    86 |   197 |    49 ||   332
       Repel Missiles    |     1 |     1 |       ||     2
       Blink             |     1 |       |     3 ||     4
       Conjure Flame     |       |     1 |       ||     1
       Mephitic Cloud    |       |     5 |     5 ||    10
Evoke: Wand              |       |       |     1 ||     1
  Use: Scroll            |     2 |       |       ||     2
 Stab: Confused          |       |     1 |     1 ||     2
       Sleeping          |       |     1 |       ||     1
  Eat: Chunk             |     2 |    10 |     2 ||    14
       Pizza             |       |     1 |       ||     1
